 Dungeon Crawl Stone Soup version 0.30-a0-1074-g5db6f66fbb (webtiles) character file.

Game seed: 12363881396752528670

4533 Newt the Markskobold (level 10, 0/57 HPs)
             Began as a Kobold Hunter on Apr 13, 2023.
             Was a Follower of Hepliaklqana.
             Slain by a troll (4 damage)
             ... on level 8 of the Dungeon.
             The game lasted 00:10:51 (8256 turns).

Newt the Markskobold (Kobold Hunter)                Turns: 8256, Time: 00:10:52

Health: 0/57       AC: 11    Str:  8    XL:     10   Next: 66%
Magic:  10/10      EV: 23    Int: 11    God:    Hepliaklqana [*.....]
Gold:   314        SH:  0    Dex: 23    Spells: 9/9 levels left

rFire   . . .      SeeInvis .    a - +1 shortbow
rCold   . . .      Faith    .    (shield currently unavailable)
rNeg    . . .      Spirit   .    w - +2 leather armour {Will+}
rPois   .          Reflect  .    (no helmet)
rElec   .          Rampage  .    h - +2 cloak
rCorr   .                        d - +2 pair of gloves
Will    +....                    (no boots)
Stlth   +++                      (no amulet)
HPRegen 0.29/turn                z - +5 ring of evasion
MPRegen 0.12/turn                (no ring)

@: studying Throwing
A: reduced essence, small, no large weapons, nightstalker 3
a: Renounce Religion, Recall Ancestor, Ancestor Identity


You were on level 8 of the Dungeon.
You worshipped Hepliaklqana.
Hepliaklqana was aware of your devotion.
You visited 2 branches of the dungeon, and saw 9 of its levels.
You visited the Abyss 1 time.

You collected 314 gold pieces.

Inventory:

Hand Weapons
 a - a +1 shortbow (weapon)
Armour
 c - a +1 leather armour
 d - a +2 pair of gloves (worn)
 h - a +2 cloak (worn)
 w - a +2 leather armour of willpower (worn)
Jewellery
 z - a +5 ring of evasion (left hand)
Wands
 t - a wand of roots (3)
Scrolls
 b - 2 scrolls of immolation
 g - 3 scrolls of amnesia
 x - 2 scrolls of teleportation
Potions
 e - a potion of flight
 f - a potion of brilliance
 i - a potion of magic
 j - 2 potions of curing
 k - a potion of attraction
 l - a potion of ambrosia
 m - a potion of cancellation
 n - 3 potions of might
 o - 2 potions of resistance
 q - a potion of berserk rage
 r - 2 potions of lignification {unknown}
 s - 2 potions of invisibility
 v - a potion of degeneration {unknown}


   Skills:
 - Level 8.0 Fighting
 + Level 15.2 Ranged Weapons
 - Level 6.0 Dodging
 - Level 1.3 Stealth
 - Level 6.0 Evocations


You had 9 spell levels left.
You didn't know any spells.
Your spell library contained the following spells:

 Spells                   Type           Power      Damage    Failure   Level
 Magic Dart               Conj           0%         1d3       45%         1
 Call Imp                 Summ           0%         N/A       61%         2
 Dazzling Flash           Conj/Hex       0%         N/A       83%         3
 Mephitic Cloud           Conj/Pois/Air  0%         N/A       83%         3
 Volatile Blastmotes      Fire/Tloc      0%         2d10      83%         3
 Anguish                  Hex/Necr       0%         N/A       99%         4
 Cause Fear               Hex            0%         N/A       99%         4
 Iskenderun's Mystic Bla  Conj/Tloc      0%         2d3       99%         4
 Starburst                Conj/Fire      0%         6d3       100%        6
 Enfeeble                 Hex            0%         N/A       100%        7


Dungeon Overview and Level Annotations

Branches:
Dungeon (8/15)             Temple (1/1) D:7
   Lair: D:8-11

Altars:
Cheibriados
Fedhas
Gozag
Hepliaklqana
Kikubaaqudgha
Nemelex Xobeh
Ru
Vehumet

Shops:
D:1 [   D:6 [

Annotations:
D:1 2 transporters
D:8 Maurice


Innate Abilities, Weirdness & Mutations

Your life essence is reduced to manifest your ancestor. (-10% HP)
You are small and have problems with some larger weapons.
You are completely attuned to the shadows.


Message History

The troll is severely wounded.
The troll closely misses you. The troll barely misses you. x2
You shoot an arrow. The arrow closely misses the troll.
The troll barely misses you. x3
You shoot an arrow. The arrow closely misses the troll.
The arrow hits the orc!
You kill the orc!
The troll bites you. The troll completely misses you.
The troll closely misses you.
You shoot an arrow.
The arrow hits the troll but does no damage.
The troll is severely wounded.
You shoot an arrow. The arrow hits the troll!
The troll is almost dead.
The troll closely misses you. The troll claws you but does no damage.
The troll misses you.
You shoot an arrow. The arrow hits the troll.
The troll is almost dead.
The troll barely misses you. The troll claws you. x2
You are too injured to fight recklessly!
You shoot an arrow. The arrow completely misses the troll.
The arrow closely misses the orc.
The troll closely misses you. The troll claws you.
The troll claws you but does no damage.
You shoot an arrow. The arrow hits the troll.
The troll is almost dead.
You shoot an arrow. The arrow closely misses the troll.
Reactivating autopickup.
You feel a bit more experienced. The troll completely misses you.
The troll barely misses you. The troll misses you.
You shoot an arrow. The arrow hits the troll.
The troll is almost dead.
The troll bites you but does no damage. The troll claws you.
The troll completely misses you.
You shoot an arrow. The arrow barely misses the troll.
The arrow hits the orc.
The orc is almost dead.
The troll bites you!
* * * LOW HITPOINT WARNING * * *
The troll completely misses you. The troll barely misses you.
You shoot an arrow. The arrow closely misses the troll.
The arrow completely misses the orc.
The troll bites you.
You die...

####.####.###.#
#.. .... #.#
#.. #..........
...
.#...........
.........
#..)$.# #o# #T#
#@# #.# #.# #.#
#.# ....... #.#
..... #.# ...
#.# #.# #.# #.#


You could see a troll and an orc.

Vanquished Creatures
  A two-headed ogre (D:6)
  Maggie (D:7)
  Psyche (D:8)
  Prince Ribbit (D:7)
  A raiju (D:8)
  Sigmund (D:4)
  The ghost of Dittersdorf the Trooper, an amateur GrFi of Okawaru (D:4)
  A water moccasin (D:7)
  3 ogres
  An orc warrior (D:6)
  2 ice beasts (D:5)
  3 centaurs
  3 phantoms
  5 necrophages (D:5)
  2 bullfrogs (D:7)
  A gnoll sergeant (D:7)
  2 scorpions (D:5)
  5 killer bees (D:8)
  5 hounds
  2 jellies
  4 orc priests
  3 sleepcaps
  A gnoll bouda (D:5)
  3 iguanas
  2 orc wizards
  A killer bee zombie (D:5)
  11 gnolls
  7 adders
  3 ufetubi
  An adder zombie (D:5)
  2 dart slugs
  20 orcs
  8 ball pythons
  4 bats (D:1)
  9 endoplasms
  3 giant cockroaches
  4 goblins
  5 hobgoblins
  9 jackals
  5 kobolds
  A quokka (D:2)
  2 frilled lizards
  2 rats
152 creatures vanquished.

Vanquished Creatures (others)
  An ancestor (D:8)
  9 plants (D:5)
10 creatures vanquished.

Grand Total: 162 creatures vanquished

Notes
Turn   | Place    | Note
-------+----------+-------------------------------------------
     0 | D:1      | Newt the Kobold Hunter began the quest for the Orb.
     0 | D:1      | Reached XP level 1. HP: 12/12 MP: 1/1
   147 | D:1      | Reached XP level 2. HP: 18/18 MP: 2/2
   335 | D:1      | Reached XP level 3. HP: 18/23 MP: 3/3
   364 | D:1      | Found a transporter.
   610 | D:1      | Found Yntiaf's Armour Shop.
   639 | D:1      | Found a faded altar of an unknown god.
  1348 | D:2      | Reached XP level 4. HP: 30/30 MP: 4/4
  1666 | D:3      | Found a snail-covered altar of Cheibriados.
  2053 | D:3      | Reached skill level 5 in Fighting
  2172 | D:3      | Reached XP level 5. HP: 34/35 MP: 5/5
  2186 | D:3      | Reached skill level 6 in Ranged Weapons
  2623 | D:4      | Noticed a phantom
  2630 | D:4      | Killed a phantom
  2631 | D:4      | Reached skill level 7 in Ranged Weapons
  2631 | D:4      | Reached XP level 6. HP: 38/40 MP: 6/6
  2784 | D:4      | Reached skill level 8 in Ranged Weapons
  2862 | D:4      | Found a runed translucent door.
  2890 | D:4      | Noticed Sigmund
  2910 | D:4      | Killed Sigmund
  2911 | D:4      | Reached skill level 9 in Ranged Weapons
  2911 | D:4      | Reached XP level 7. HP: 34/44 MP: 7/7
  3388 | D:4      | Noticed Dittersdorf's ghost (amateur GrFi)
  3432 | D:4      | Killed Dittersdorf's ghost
  3433 | D:4      | Reached skill level 10 in Ranged Weapons
  3786 | D:5      | Entered Level 5 of the Dungeon
  4189 | D:5      | Reached XP level 8. HP: 48/49 MP: 8/8
  4200 | D:5      | Reached skill level 5 in Dodging
  4475 | D:5      | Reached skill level 11 in Ranged Weapons
  4954 | D:5      | Found a blossoming altar of Fedhas.
  4987 | D:5      | Reached skill level 12 in Ranged Weapons
  4987 | D:5      | Reached XP level 9. HP: 54/54 MP: 9/9
  5122 | D:6      | Reached skill level 13 in Ranged Weapons
  5250 | D:6      | Found Osuonio's Antique Armour Boutique.
  5388 | D:6      | HP: 2/54 [orc/+0 club (3)]
  5961 | D:6      | Reached skill level 14 in Ranged Weapons
  5961 | D:6      | Reached skill level 1 in Evocations
  6227 | D:6      | Noticed a two-headed ogre
  6227 | D:6      | You fall into a shaft and drop 1 floor!
  6410 | D:6      | Killed a two-headed ogre
  6411 | D:6      | Reached XP level 10. HP: 52/59 MP: 10/10
  6437 | D:6      | Found a sparkling altar of Nemelex Xobeh.
  6494 | D:7      | Noticed Maggie
  6503 | D:7      | Killed Maggie
  6799 | D:7      | Found an ancient bone altar of Kikubaaqudgha.
  6919 | D:7      | Noticed Prince Ribbit
  6936 | D:7      | Killed Prince Ribbit
  7139 | D:7      | Found a staircase to the Ecumenical Temple.
  7173 | Temple   | Entered the Ecumenical Temple
  7206 | Temple   | Became a worshipper of Hepliaklqana the Forgotten
  7694 | D:8      | Noticed Maurice
  7779 | D:8      | Noticed Psyche
  7817 | Abyss:2  | Cast into level 2 of the Abyss (Psyche)
  7850 | Abyss:2  | Noticed a large abomination
  7858 | Abyss:2  | Noticed a hellion
  7860 | Abyss:2  | Noticed a dread lich
  7867 | Abyss:2  | Paralysed by a dread lich for 2 turns
  7877 | Abyss:2  | Noticed a Tzitzimitl
  7880 | Abyss:2  | Noticed a Hell Sentinel
  7884 | Abyss:2  | Noticed an Executioner
  7891 | Abyss:2  | Noticed a starcursed mass
  7904 | Abyss:2  | Noticed a reaper
  7906 | D:8      | Escaped the Abyss
  7906 | D:8      | HP: 2/61 [Psyche/chain of chaos (4)]
  7911 | D:8      | Killed Psyche
  7912 | D:8      | Reached skill level 15 in Ranged Weapons
  8220 | D:8      | Reached * piety under Hepliaklqana
  8256 | D:8      | Slain by a troll

Illustrated notes

Levels and vault maps discovered:
D:1:      spicycebolla_arrival_transporter_tutorial, layout_loops_ring,
          serial_shops, shop, shapermc_ecumenical_altar_gd
D:2:      layout_rooms
D:3:      layout_rooms, kennysheep_slug_shrine, st_stairs_12
D:4:      layout_cave_pools, ebering_ghost_reflecting_pool, uniq_sigmund
D:5:      layout_basic, fedhas_altar_decomposition, minmay_misc_feat_rows,
          chequers_mini_garden, minmay_manual_mares
D:6:      layout_rooms, marbit_many_paths, serial_shops, shop, kennysheep_potato
D:7:      layout_loops_ring, overflow_temple_1_default,
          minmay_temple_entry_proselytizer, uniq_maggie, uniq_prince_ribbit1
D:8:      layout_loops_ring, minmay_fountain_box, small_statue_alley_b,
          uniq_psyche, uniq_maurice
Temple:   nicolae_temple_bog_church

Skill      XL: |  1  2  3  4  5  6  7  8  9 10 |
---------------+-------------------------------+-----
Fighting       | 3 4 5 8 |  8.0
Ranged Weapons | 7 9 10 12 14 15 | 15.2
Dodging        | 4 6 |  6.0
Evocations     | 6 |  6.0
Stealth        | |  1.3

Action                     |  1- 3 |  4- 6 |  7- 9 | 10-12 || total
---------------------------+-------+-------+-------+-------++-------
   Fire: Shortbow          |    81 |   144 |   284 |   155 ||   664
  Evoke: Wand              |       |       |     4 |       ||     4
    Use: Scroll            |     4 |     4 |     6 |     2 ||    16
         Potion            |       |     2 |     6 |     3 ||    11
 Armour: Leather armour    |    21 |    26 |    33 |    36 ||   116
  Dodge: Dodged            |    25 |    57 |   175 |   118 ||   375

Table legend: (Time is in decaauts)
 A = Elapsed time spent in this place.
 B = Non-inter-level travel time spent in this place.
 C = Inter-level travel time spent in this place.
 D = Time resting spent in this place.
 E = Time spent auto-exploring this place.
 F = Levels seen in this place.
 G = Mean time per level.
                   A        B        C        D        E       F      G
               +--------+--------+--------+--------+--------+-----+--------+
         Total |   8290 |   7973 |    317 |   2164 |   4589 |  10 |  829.0 |
       Dungeon |   8169 |   7872 |    297 |   2164 |   4569 |   8 | 1021.1 |
        Temple |     43 |     24 |     19 |      0 |     20 |   1 |   43.0 |
         Abyss |     76 |     76 |      0 |      0 |      0 |   1 |   76.0 |
               +--------+--------+--------+--------+--------+-----+--------+

Top non-repeatable levels by time:
     D:4: 1664 daAuts
     D:5: 1404 daAuts
     D:7: 1073 daAuts
     D:1: 1028 daAuts
     D:2: 856 daAuts
     D:6: 768 daAuts
     D:3: 690 daAuts
     D:8: 684 daAuts
 Abyss:2: 76 daAuts
  Temple: 43 daAuts
